 Dungeon Sprint DCSS version 0.28-a0-1339-ga5422284a4 (webtiles) character file.

Game seed: 1425077524713813891

1477 mhtbhm the Spear-Bearer (level 9, -1/79 HPs)
             Began as a Human Berserker on Dec 28, 2021.
             Was an Elder of Trog.
             Shot with an arrow by a centaur warrior (13 damage)
             ... in the Dungeon (Sprint IX: "|||||||||||||||||||||||||||||").
             The game lasted 00:01:40 (650 turns).

mhtbhm the Spear-Bearer (Human Berserker)            Turns: 650, Time: 00:01:41

Health: -1/79      AC: 16    Str: 22    XL:     9   Next: 6%
Magic:  9/9        EV: 11    Int: 10    God:    Trog [****..]
Gold:   0          SH:  0    Dex: 13    Spells: 8/8 levels left

rFire   . . .      SeeInvis .   a - +2 halberd (venom)
rCold   . . .      Faith    .   (no shield)
rNeg    . . .      Spirit   .   b - +0 plate armour
rPois   .          Reflect  .   (no helmet)
rElec   .          Harm     .   k - +0 cloak
rCorr   .          Rampage  .   (no gloves)
Will    .....      NoTele   +   l - +0 pair of boots
Stlth   ..........              (no amulet)
HPRegen 0.23/turn               m - +2 ring of evasion
MPRegen 0.11/turn               n - +3 ring of intelligence

@: on berserk cooldown, slowed, very slow
A: no striking features
a: Renounce Religion, Berserk, Trog's Hand, Brothers in Arms


You were in the Dungeon.
You worshipped Trog.
Trog was greatly pleased with you.
You visited 1 branch

Inventory:

Hand Weapons
 a - a +2 halberd of venom (weapon)
Armour
 b - a +0 plate armour (worn)
 k - a +0 cloak (worn)
 l - a +0 pair of boots (worn)
Jewellery
 m - a +2 ring of evasion (left hand)
 n - a +3 ring of intelligence (right hand)
Wands
 j - a wand of iceblast (10)
Potions
 c - 4 potions of curing
 e - a potion of haste
 f - 4 potions of magic
 g - a potion of berserk rage


   Skills:
 + Level 10.4 Fighting
 + Level 12.5 Polearms
 + Level 8.8 Armour
 + Level 6.5 Dodging
 + Level 2.9 Stealth


You had 8 spell levels left.
You didn't know any spells.
Your spell library was empty.

Dungeon Overview and Level Annotations

Branches:
Dungeon (1/1)

Altars:
Cheibriados
Dithmenos
Elyvilon
Fedhas
Gozag
Hepliaklqana
Kikubaaqudgha
Makhleb
Nemelex Xobeh
Okawaru
Qazlal
Ru
Sif Muna
Trog
Uskayaw
Vehumet
Wu Jian
Xom
Yredelemnul
Zin
The Shining One
Beogh
Jiyva
Lugonu


Message History

You can no longer call in reinforcements.
The tengu warrior barely misses your ogre.
The tengu warrior pecks your ogre! The tengu warrior claws your ogre.
The deep elf pyromancer mumbles some strange words.
The tengu warrior barely misses your ogre.
The tengu warrior pecks your ogre. The tengu warrior claws your ogre.
Unknown command.
Your ogre hits the tengu warrior with a +0 giant club!
The tengu warrior dies!
Trog accepts your kill.
Your ogre hits something with a +0 giant club!!
Your Fighting skill increases to level 10!
Your Polearms skill increases to level 12!
Your Armour skill gained 2 levels and is now at level 8!
Your Dodging skill increases to level 6!
Your Stealth skill increases to level 2!
Something barely misses your ogre.
The centaur warrior wields a +0 longbow.
The centaur warrior shoots an arrow.
Your ogre hits something with a +0 giant club!!
Trog accepts your kill.
You can now call in reinforcements.
You feel a bit more experienced.
The centaur warrior shoots an arrow.
The arrow hits your ogre!
You have reached level 9!
Your experience leads to an increase in your attributes!
Your base attributes are Str 20, Int 7, Dex 13.
Increase (S)trength, (I)ntelligence, or (D)exterity?
You feel stronger. x2
Things that are here:
a +0 hand axe of pain; an orc skeleton; a howler monkey skeleton Unknown command.
The centaur warrior shoots an arrow.
The arrow hits your ogre!
Your ogre dies!
Your ogre's corpse disappears in a puff of smoke!
The centaur warrior shoots an arrow.
The arrow hits you but does no damage.
The centaur warrior shoots an arrow.
The arrow hits you!
* * * LOW HITPOINT WARNING * * *
Unknown command.
You feel better.
The centaur warrior shoots an arrow.
The arrow hits you!
You die... ▓▓▓▓▓▓▓▓▓▓▓▓▓▓▓▓▓▓▓▓▓▓▓▓▓▓▓▓▓▓ +EEec.EeEc.)§@'[..[..)?)'_____ ▓▓▓▓▓▓▓▓▓▓▓▓▓▓▓▓▓▓▓▓▓▓▓▓▓▓▓▓▓▓

You could see a centaur warrior, a deep elf pyromancer and 2 fire elementals.

Vanquished Creatures
  A steam dragon (D)
  A vampire mosquito (D)
  An acid dragon (D)
  An orc warrior (D)
  A centaur (D)
  A hound (D)
  An iguana (D)
  An orc (D)
  An endoplasm (D)
  2 kobolds (D)
  A ball python (D)
  A ball python skeleton (D)
  A goblin (D)
  A quokka skeleton (D)
15 creatures vanquished.

Vanquished Creatures (collateral kills)
  A tengu warrior (D)
  An unseen horror (D)
2 creatures vanquished.

Vanquished Creatures (others)
  A troll (D)
  A shadow (D)
  A howler monkey (D)
3 creatures vanquished.

Grand Total: 20 creatures vanquished

Notes
Turn   | Place    | Note
-------+----------+-------------------------------------------
     0 | D        | mhtbhm the Human Berserker began the quest for the Orb.
     0 | D        | Reached XP level 1. HP: 18/18 MP: 1/1
    16 | D        | Reached ** piety under Trog
   119 | D        | Noticed an iguana
   119 | D        | Noticed a hound
   126 | D        | Killed a hound
   127 | D        | Reached skill level 5 in Polearms
   127 | D        | Reached XP level 2. HP: 25/26 MP: 2/2
   127 | D        | Reached XP level 3. HP: 30/32 MP: 3/3
   131 | D        | Reached *** piety under Trog
   132 | D        | Reached skill level 5 in Fighting
   132 | D        | Reached XP level 4. HP: 34/39 MP: 4/4
   141 | D        | Found a snail-covered altar of Cheibriados.
   141 | D        | Found a shadowy altar of Dithmenos.
   141 | D        | Found a white marble altar of Elyvilon.
   141 | D        | Found a blossoming altar of Fedhas.
   141 | D        | Found an opulent altar of Gozag.
   142 | D        | Found a hazy altar of Hepliaklqana.
   143 | D        | Found a viscous altar of Jiyva.
   144 | D        | Found an ancient bone altar of Kikubaaqudgha.
   145 | D        | Found a corrupted altar of Lugonu.
   146 | D        | Found a burning altar of Makhleb.
   147 | D        | Found a sparkling altar of Nemelex Xobeh.
   148 | D        | Found an iron altar of Okawaru.
   149 | D        | Found a stormy altar of Qazlal.
   150 | D        | Found a sacrificial altar of Ru.
   151 | D        | Found a shimmering blue altar of Sif Muna.
   152 | D        | Found a bloodstained altar of Trog.
   153 | D        | Found a hide-covered altar of Uskayaw.
   154 | D        | Found a radiant altar of Vehumet.
   155 | D        | Found an ornate altar of the Wu Jian Council.
   156 | D        | Found a shimmering altar of Xom.
   157 | D        | Found a basalt altar of Yredelemnul.
   158 | D        | Found a glowing silver altar of Zin.
   159 | D        | Found a glowing golden altar of the Shining One.
   287 | D        | Noticed a centaur
   287 | D        | Noticed a shadow
   287 | D        | Noticed a troll
   287 | D        | Noticed an orc warrior
   287 | D        | Noticed a steam dragon
   294 | D        | Killed a steam dragon
   295 | D        | Reached skill level 7 in Polearms
   295 | D        | Reached XP level 5. HP: 48/48 MP: 5/5
   295 | D        | Reached XP level 6. HP: 55/55 MP: 6/6
   303 | D        | Killed an orc warrior
   303 | D        | Reached **** piety under Trog
   304 | D        | Reached skill level 8 in Polearms
   311 | D        | Killed a troll
   312 | D        | Reached skill level 10 in Polearms
   312 | D        | Reached skill level 5 in Armour
   312 | D        | Reached skill level 5 in Dodging
   312 | D        | Reached XP level 7. HP: 16/63 MP: 7/7
   313 | D        | HP: 1/63 [something (16)]
   314 | D        | Killed a shadow
   327 | D        | Reached skill level 1 in Stealth
   620 | D        | Noticed a deep elf pyromancer
   620 | D        | Noticed a centaur warrior
   620 | D        | Noticed a tengu warrior
   620 | D        | Noticed a vampire mosquito
   620 | D        | Noticed an acid dragon
   624 | D        | Killed an acid dragon
   629 | D        | Noticed a fire elemental
   635 | D        | Killed a vampire mosquito
   636 | D        | Reached skill level 11 in Polearms
   636 | D        | Reached XP level 8. HP: 68/71 MP: 8/8
   641 | D        | Noticed a fire elemental
   647 | D        | Noticed a fire elemental
   647 | D        | Killed a tengu warrior
   648 | D        | Reached skill level 10 in Fighting
   648 | D        | Reached skill level 12 in Polearms
   648 | D        | Killed an unseen horror
   649 | D        | Reached XP level 9. HP: 20/79 MP: 9/9
   650 | D        | Shot with an arrow by a centaur warrior

Illustrated notes

Levels and vault maps discovered:
D:        linesprint [early_d, line_temple, items_1, d_10, items_2, lair_1,
          lair_end, items_3, orc_1, orc_end, items_4, d_15, swamp_1, shoals_1,
          snake_1, spider_1, d_20, vaults_1, items_5, swamp_end, shoals_end,
          snake_end, spider_end, vaults_end, d_27, items_6, zot_1, zot_end,
          crypt_end, forest_end, elf_end, slime_end, tomb_end, abyss_end,
          pan_hell_end]

Skill      XL: |  1  2  3  4  5  6  7  8 |
---------------+-------------------------+-----
Fighting       | 4 5 7 8 9 10 | 10.4
Polearms       | 5 7 10 11 12 | 12.5
Armour         | 3 5 6 8 |  8.8
Dodging        | 3 4 5 6 |  6.5
Stealth        | 1 2 |  2.9

Action                   |  1- 3 |  4- 6 |  7- 9 || total
-------------------------+-------+-------+-------++-------
Melee: Spear             |    30 |     3 |       ||    33
       Halberd           |       |    19 |    25 ||    44
Invok: Berserk           |     2 |     1 |     1 ||     4
       Trog's Hand       |       |       |     1 ||     1
       Brothers in Arms  |       |       |     1 ||     1
  Use: Potion            |       |     3 |     2 ||     5
       Scroll            |       |       |     2 ||     2
 Stab: Invisible         |       |     1 |     1 ||     2
Armor: Animal skin       |     1 |       |       ||     1
       Plate armour      |       |     7 |    27 ||    34
Dodge: Dodged            |     9 |    18 |    19 ||    46

Table legend: (Time is in decaauts)
 A = Elapsed time spent in this place.
 B = Non-inter-level travel time spent in this place.
 C = Inter-level travel time spent in this place.
 D = Time resting spent in this place.
 E = Time spent auto-exploring this place.
 F = Levels seen in this place.
 G = Mean time per level.
                   A        B        C        D        E       F      G
               +--------+--------+--------+--------+--------+-----+--------+
         Total |    667 |    667 |      0 |    449 |      3 |   1 |  667.0 |
       Dungeon |    667 |    667 |      0 |    449 |      3 |   1 |  667.0 |
               +--------+--------+--------+--------+--------+-----+--------+

Top non-repeatable levels by time:
       D: 667 daAuts
